Match 48563110
Unlisted

Match 48563110
End
Vickers Machine Gun Team
Construct Section Command Post
Construct Section Command Post
Infantry Section
ML 3-inch Mortar Team
Construct Field Infirmary
Grenade Package
Selects Air and Sea Battlegroup
Infantry Section
Construct Platoon Command Post
Selects Supply Surplus
Selects UNKNOWN (223837)
Unlock M3 Stuart Light Tanks
M3 Stuart Light Tank
M3 Stuart Light Tank
Infantry Section
6-pounder Anti-tank Gun Team
Construct Company Command Post
Selects Naval Bombardment
Unlock M3 Grant Medium Tanks
Centaur IV Medium Tank
Royal Engineer Section
Unlock Towed 17-pounder Anti-tank Guns
Infantry Section
Infantry Section
Infantry Section
Vickers Machine Gun Team
Infantry Training
Light Vehicle Training
Team Weapon Training
Armored Vehicle Training
Selects Commando Section Paradrop
Selects M1 Pack Howitzer Paradrop
Selects Incendiary Bombing Run
17-pounder Anti-tank Gun Team
Sandbunny
Burner
Jack-Precision-Sr
MAVNE
Sad Pepe
gio_misro
0
0

Comments sign in to comment!

No comments posted yet!